 Dungeon Sprint DCSS version 0.23.2-30-g0e89c35649 (webtiles) character file.

Game seed: 12756644238462510940

1199 Aldia the Covert (level 8, -3/42 HPs)
             Began as a Spriggan Enchanter on June 14, 2019.
             Slain by a harpy (5 damage)
             ... summoned by Kirke
             ... in the Dungeon (Sprint II: "The Violet Keep of Menkaure").
             The game lasted 00:05:45 (443 turns).

Aldia the Covert (Spriggan Enchanter)                Turns: 443, Time: 00:05:46

Health: -3/42      AC:  2    Str:  4    XL:     8   Next: 20%
Magic:  9/18       EV: 26    Int: 17    God:
Gold:   972        SH:  0    Dex: 18    Spells: 10/19 levels left

rFire    . . .     SeeInvis +   a - +1 dagger
rCold    . . .     Gourm    .   (shield restricted)
rNeg     . . .     Faith    .   b - +0 robe
rPois    .         Spirit   .   (helmet restricted)
rElec    .         Reflect  .   (no cloak)
rCorr    +         Harm     .   (gloves unavailable)
MR       +....     NoTele   +   (boots unavailable)
Stlth    ++++++....             (no amulet)
HPRegen  0.14/turn              c - ring of resist corrosion
MPRegen  0.16/turn              (no ring)

@: very quick
A: very small, unfitting armour, see invisible, herbivore, speed 3, slow
metabolism 2
a: no special abilities


You were in the Dungeon.
You were not hungry.

You visited 1 branch You collected 972 gold pieces.

Inventory:

Hand Weapons
 a - a +1 dagger (weapon)
Armour
 b - a +0 robe (worn)
Jewellery
 c - a ring of resist corrosion (left hand)
Scrolls
 j - a scroll of blinking
Potions
 e - a potion of curing
 f - a potion of heal wounds
 g - a potion of haste
 h - 2 potions of magic
 i - a potion of berserk rage
Comestibles
 d - a ration


   Skills:
 + Level 4.8 Fighting
 - Level 10.2 Short Blades
 + Level 9.6 Dodging
 * Level 14.3 Stealth
 - Level 6.0 Spellcasting
 + Level 10.0 Hexes


You had 10 spell levels left.
You knew the following spells:

 Your Spells              Type           Power        Failure   Level  Hunger
a - Ensorcelled Hibernat  Hex/Ice        ###...       2%          2    None
b - Corona                Hex            #####..      1%          1    None
c - Confuse               Hex            #####...     1%          3    ##.....
d - Tukima's Dance        Hex            #####...     1%          3    ##.....

Your spell library contained the following spells:

 Spells                   Type           Power        Failure   Level  Hunger
 Dazzling Spray           Conj/Hex       ###...       4%          3    ##.....


Dungeon Overview and Level Annotations

Branches:
Dungeon (1/1)

Altars:

Shops:
D %:!(=*[=![(?:}}:

Annotations:
D exclusion: oklob plant, Kirke, Roxanne


Innate Abilities, Weirdness & Mutations

You are very small and have problems with some larger weapons.
You are too small for most types of armour.
You have supernaturally acute eyesight. (SInv)
You are a herbivore.
You cover ground extremely quickly.
You need to consume almost no food.


Message History

The harpy completely misses you. The harpy closely misses you.
The harpy misses you. x2
Kirke casts a spell at you. You resist with significant effort.
Casting: Confuse (safe; 1% risk of failure)
Confirm with . or Enter, or press ? or * to list all spells.
Aiming: Confuse (safe; 1% risk of failure)
Press: ? - help, Shift-Dir - straight line, f/p - Kirke
Aim: Kirke (lightly wounded, chance to defeat MR: 8%) Kirke resists with almost no effort.
The harpy completely misses you. The harpy claws you!
The harpy completely misses you. x2; The harpy claws you!
* * * LOW HITPOINT WARNING * * *
The harpy misses you. Kirke misses you.
Casting: Confuse (safe; 1% risk of failure)
Confirm with . or Enter, or press ? or * to list all spells.
Aiming: Confuse (safe; 1% risk of failure)
Press: ? - help, Shift-Dir - straight line, f/p - Kirke
Aim: Kirke (lightly wounded, chance to defeat MR: 8%) Kirke resists with almost no effort.
The harpy misses you. The harpy claws you.
You die... ####+#### ##.°○○.°.## ##°.○○°z...## ### +..°.°°○z°..# #.Yc####°°°zzzz°. #5cK@@H## ○zzzz

############H≈#+++#+++##
###########≈≈≈.†.......#
##∩.∩.....#≈≈≈≈.##'##..#
##.∩.∩....#≈≈≈≈##.#.##.####
##..∩.∩...#≈≈≈≈#..#..#....#
##...∩.∩..#≈≈####.#.####..##
##....∩.⌠.#≈##.###†###.##..#
##...∩.∩..#≈##..##.##.#.#..#


You could see Kirke, a yaktaur captain, an elephant, a centaur warrior, a kobold
demonologist, 2 harpies and a crimson imp.

Vanquished Creatures
  2 tyrant leeches (D)
  A blink frog (D)
  2 hippogriffs (D)
  Menkaure (D)
  A crocodile (D)
  4 worker ants (D)
  3 worms (D)
14 creatures vanquished.

Notes
Turn   | Place    | Note
-------+----------+-------------------------------------------
     0 | D        | Aldia the Spriggan Enchanter began the quest for the Orb.
     0 | D        | Reached XP level 1. HP: 9/9 MP: 5/5
     1 | D        | Noticed a tyrant leech
     1 | D        | Noticed a tyrant leech
     4 | D        | Noticed a worker ant
     4 | D        | Noticed a worker ant
     4 | D        | Noticed a worker ant
     4 | D        | Noticed a worker ant
     7 | D        | Killed a worker ant
     7 | D        | Reached skill level 9 in Stealth
     7 | D        | Reached XP level 2. HP: 13/13 MP: 6/6
     8 | D        | Reached skill level 11 in Stealth
     8 | D        | Reached XP level 3. HP: 16/16 MP: 8/8
    12 | D        | Learned a level 2 spell: Ensorcelled Hibernation
    14 | D        | Reached XP level 4. HP: 21/21 MP: 9/9
    17 | D        | Reached skill level 12 in Stealth
    22 | D        | Learned a level 3 spell: Confuse
    26 | D        | Learned a level 3 spell: Tukima's Dance
   105 | D        | Noticed a hippogriff
   105 | D        | Noticed a hippogriff
   112 | D        | Killed a hippogriff
   112 | D        | Reached skill level 5 in Short Blades
   112 | D        | Reached XP level 5. HP: 18/28 MP: 3/12
   112 | D        | Reached XP level 6. HP: 21/32 MP: 3/13
   141 | D        | Killed a hippogriff
   249 | D        | Killed a tyrant leech
   249 | D        | Reached XP level 7. HP: 35/36 MP: 11/17
   252 | D        | Killed a tyrant leech
   252 | D        | Reached skill level 10 in Short Blades
   252 | D        | Reached skill level 13 in Stealth
   258 | D        | Noticed a flying skull
   259 | D        | Noticed a flying skull
   259 | D        | Noticed a flying skull
   259 | D        | Noticed a flying skull
   259 | D        | Noticed a flying skull
   260 | D        | Noticed a flying skull
   260 | D        | Noticed a flying skull
   260 | D        | Noticed a flying skull
   260 | D        | Noticed a flying skull
   260 | D        | Noticed Menkaure
   262 | D        | Killed Menkaure
   267 | D        | Reached XP level 8. HP: 42/42 MP: 3/18
   269 | D        | Found Soph's Gadget Boutique.
   269 | D        | Found Riasysmunt's Book Shop.
   270 | D        | Found Otael's Magic Scroll Shop.
   270 | D        | Found Biomut's Book Boutique.
   270 | D        | Found Coqos's Gadget Shop.
   272 | D        | Found Seammip's Distillery.
   272 | D        | Found Iluat's Jewellery Boutique.
   272 | D        | Found Fenwa's Antique Armour Boutique.
   272 | D        | Found Ganitafu's Antique Weapon Shop.
   273 | D        | Found Owaikh's Assorted Antiques.
   273 | D        | Found Xogip's Antique Armour Boutique.
   273 | D        | Found Kuhugore's Jewellery Shop.
   278 | D        | Found Siticw Muth's Antique Weapon Boutique.
   278 | D        | Found Rirch's Distillery.
   278 | D        | Noticed an oklob plant
   279 | D        | Found Kaplug's Book Shoppe.
   279 | D        | Found Ralodo's Food Boutique.
   280 | D        | Noticed a slime creature
   280 | D        | Noticed a slime creature
   281 | D        | Noticed a slime creature
   370 | D        | Noticed Roxanne
   402 | D        | Noticed a blink frog
   404 | D        | Killed a blink frog
   404 | D        | Reached skill level 14 in Stealth
   404 | D        | Reached skill level 10 in Hexes
   420 | D        | Noticed an elephant
   420 | D        | Noticed a centaur warrior
   420 | D        | Noticed Kirke
   420 | D        | Noticed a skeletal warrior
   420 | D        | Noticed a kobold demonologist
   422 | D        | Noticed a flying skull
   423 | D        | Noticed a flying skull
   423 | D        | Noticed a flying skull
   433 | D        | Noticed a yaktaur captain
   440 | D        | Noticed a harpy
   440 | D        | Noticed a harpy
   442 | D        | HP: 2/42 [harpy[Kirke] (11)]
   443 | D        | Slain by a harpy

Skill      XL: |  1  2  3  4  5  6  7  8 |
---------------+-------------------------+-----
Stealth        | 9 11 12 13 14 | 14.3
Spellcasting   | 3 4 6 |  6.0
Hexes          | 4 7 9 10 | 10.0
Short Blades   | 5 9 10 | 10.2
Fighting       | 3 4 |  4.8
Dodging        | 6 8 9 |  9.6

Action                   |  1- 3 |  4- 6 |  7- 9 || total
-------------------------+-------+-------+-------++-------
Melee: Dagger            |     3 |    12 |    10 ||    25
 Cast: Ensorcelled Hiber |       |     9 |     4 ||    13
       Confuse           |       |       |     3 ||     3
 Stab: Sleeping          |     3 |     7 |     4 ||    14
Armor: Robe              |       |     1 |       ||     1
Dodge: Dodged            |       |    22 |    15 ||    37
